 Dungeon Crawl Stone Soup version 0.21.1-1-g345015f (webtiles) character file.

4779 Monsterracer the Cleaver (level 10, -11/91 HPs)
             Began as a Deep Dwarf Fighter on June 3, 2018.
             Was a Follower of Makhleb.
             Mangled by a two-headed ogre
             ... wielding a +0 giant spiked club
              (23 damage)
             ... on level 8 of the Dungeon.
             The game lasted 00:05:53 (3757 turns).

Monsterracer the Cleaver (Deep Dwarf Fighter)       Turns: 3757, Time: 00:05:54

Health: -11/91     AC: 11    Str: 23    XL:     10   Next: 23%
Magic:  6/6        EV: 15    Int:  9    God:    Makhleb [*.....]
Gold:   315        SH: 12    Dex: 12    Spells: 9/9 levels left

rFire    + . .     SeeInvis .   a - +1 war axe
rCold    . . .     Gourm    .   f - +1 shield
rNeg     . . .     Faith    .   b - +0 scale mail
rPois    .         Spirit   .   m - +1 helmet
rElec    .         Reflect  .   s - +0 cloak (curse)
rCorr    .         Harm     .   (no gloves)
MR       +....                  (no boots)
Stlth    ..........             n - amulet of magic regeneration
HPRegen  0.00/turn              i - ring of protection from fire
MPRegen  0.35/turn              p - +4 ring of evasion

@: non-regenerating
A: damage resistance, heal wounds, sense surroundings 2, no regeneration
a: Heal Wounds, Renounce Religion


You were on level 8 of the Dungeon.
You worshipped Makhleb.
Makhleb was aware of your devotion.
You were not hungry.

You visited 2 branches of the dungeon, and saw 9 of its levels.

You collected 315 gold pieces.

Inventory:

Hand Weapons
 a - a +1 war axe (weapon)
Armour
 b - a +0 scale mail (worn)
 f - a +1 shield (worn)
 m - a +1 helmet (worn)
 s - a cursed +0 cloak (worn)
Jewellery
 d - an uncursed ring of resist corrosion
 i - a ring of protection from fire (left hand)
 n - an amulet of magic regeneration (around neck)
 o - an uncursed ring of ice
 p - a +4 ring of evasion (right hand)
Scrolls
 g - 3 scrolls of fog
 h - 3 scrolls of teleportation
 j - 4 scrolls of remove curse
 u - a scroll of blinking
Potions
 e - a potion of agility
 k - 4 potions of lignification
 l - 4 potions of curing
 q - 2 potions of cancellation
 r - a potion of brilliance
Comestibles
 c - 8 rations


   Skills:
 + Level 6.1 Fighting
 * Level 9.6 Axes
 + Level 7.5 Armour
 + Level 4.9 Dodging
 + Level 7.5 Shields
 + Level 5.9 Invocations


You had 9 spell levels left.
You didn't know any spells.

Dungeon Overview and Level Annotations

Branches:
Dungeon (8/15)             Temple (1/1) D:5
   Lair: D:8-11

Altars:
Ashenzari
Cheibriados
Dithmenos
Elyvilon
Fedhas
Gozag
Hepliaklqana
Kikubaaqudgha
Makhleb
Nemelex Xobeh
Okawaru
Ru
Sif Muna
Trog
Uskayaw
Vehumet
Wu Jian
Xom
Yredelemnul
Zin
The Shining One

Annotations:
D:5 diana's ghost, novice MiGl


Innate Abilities, Weirdness & Mutations

You are resistant to damage.
You can heal yourself by infusing magical energy.
You passively map the area around you.
You do not regenerate.


Message History

There is an open door here.
You open the door.
There is an open door here.
Key pressed, stopping explore.
No target in view!
v - a scroll of identify No target in view!
You open the door.
An orc comes into view.
The orc shouts!
You hear a croak.
Found a stone staircase leading down.
A bullfrog comes into view.
There is an open door here.
There are monsters nearby!
You closely miss the orc. You block the orc's attack.
The bullfrog closely misses you.
All of the chunks of flesh in your inventory have rotted away.
You slice the bullfrog!!
The bullfrog is almost dead.
You slash the orc!
You kill the orc!
Makhleb accepts your kill.
You feel better. You block the bullfrog's attack.
You slash the bullfrog!
You kill the bullfrog!
Makhleb accepts your kill.
As you read the scroll of identify, it crumbles to dust.
r - a potion of brilliance Firing (i - inventory): No suitable missiles.
Press: ? - help, Shift-Dir - straight line
Okay, then.
Blink to where?
Press: ? - help, Dir - move target cursor You are very lightly contaminated with residual magic.
As you read the scroll labeled WEVINL JIPP, it crumbles to dust.
It was a scroll of blinking.
Things that are here:
a robe; an orc corpse A leopard gecko comes into view.
The leopard gecko hisses angrily.
The leopard gecko bites you.
You completely miss the leopard gecko. You block the leopard gecko's attack.
A leopard gecko is nearby!
You slice the leopard gecko!!
You kill the leopard gecko!
Makhleb accepts your kill.
You see here a leopard gecko corpse.
Your magical contamination has completely faded away.
Found a stone staircase leading up.
No target in view!
A two-headed ogre comes into view.
It is wielding a giant spiked club and a giant club.
The two-headed ogre moves out of view.
No target in view!
The two-headed ogre is too close now for your liking.
Found a falchion.
An adder comes into view.
The adder hisses angrily.
You block the two-headed ogre's attack. The two-headed ogre closely misses you.
There are monsters nearby!
You hit the two-headed ogre.
The two-headed ogre is lightly wounded.
You hit the adder. The adder bites you but does no damage.
You block the two-headed ogre's attack. x2
There are monsters nearby!
You hit the adder but do no damage.
The adder is heavily wounded.
You hit the two-headed ogre. The adder closely misses you.
You hit the two-headed ogre.
The two-headed ogre is lightly wounded.
You hit the two-headed ogre.
The two-headed ogre is moderately wounded.
You block the two-headed ogre's attack. The two-headed ogre barely misses you.
You hit the two-headed ogre but do no damage.
The two-headed ogre is moderately wounded.
The two-headed ogre hits you with a giant spiked club!
You block the two-headed ogre's attack.
You take 10 damage, and have 47/91 hp.
You barely miss the two-headed ogre.
The two-headed ogre is moderately wounded.
The two-headed ogre closely misses you.
The two-headed ogre hits you with a giant club.
You take 3 damage, and have 44/91 hp.
You slash the two-headed ogre!
The two-headed ogre is moderately wounded.
The two-headed ogre hits you with a giant spiked club!
The two-headed ogre completely misses you.
You take 11 damage, and have 33/91 hp.
You hit the two-headed ogre.
The two-headed ogre is heavily wounded.
The two-headed ogre barely misses you. The two-headed ogre closely misses you.
You slash the two-headed ogre!
The two-headed ogre is heavily wounded.
A hound comes into view.
The hound barks!
You slash the two-headed ogre!
The two-headed ogre is almost dead.
The two-headed ogre hits you with a giant spiked club!!
* * * LOW HITPOINT WARNING * * *
The two-headed ogre hits you with a giant club!!
You die...

* , , .........###
#### * **
##..........# # *
..........#* # ,
...h...).# # ,,
..<.....# * , , ,
.......# , * * ,
**#S.....# * , #O#
, , #@# , ,, #.# *
, , * * #.# #.# **
#.# #.# #.# * #.#
################.#


You could see a two-headed ogre, a hound and an adder.

Vanquished Creatures
  A two-headed ogre (D:8)
  The ghost of PeterLawrence the Fighter, a novice MiFi of Okawaru (D:7)
  The ghost of diana the Carver, a novice DsGl of Qazlal (D:8)
  Pikel (D:6)
  Prince Ribbit (D:7)
  Eustachio (D:6)
  2 sky beasts
  A black bear (D:6)
  6 ogres
  6 centaurs
  Blork the orc (D:6)
  2 bullfrogs
  3 wights (D:6)
  3 howler monkeys
  3 hounds
  A quasit (D:7)
  3 orc priests
  An orc wizard (D:7)
  Crazy Yiuf (D:7)
  An iguana (D:4)
  2 worker ants
  A hound zombie (D:6)
  2 hound skeletons
  8 gnolls
  9 adders
  3 shadow imps
  An ooze (D:4)
  An adder skeleton (D:6)
  An adder zombie (D:8)
  2 worms
  A dart slug (D:1)
  8 leopard geckos
  13 orcs
  4 bats
  2 giant cockroaches
  4 goblins
  2 hobgoblins (D:1)
  2 jackals (D:1)
  3 quokkas
  A ball python (D:5)
  A ball python skeleton (D:4)
  4 frilled lizards
  A jackal skeleton (D:7)
  2 kobolds (D:1)
  2 rats
  A bush (D:7)
121 creatures vanquished.

Vanquished Creatures (others)
  An ogre (D:6)
  2 wights (D:6)
3 creatures vanquished.

Grand Total: 124 creatures vanquished

Notes
Turn   | Place    | Note
-------+----------+-------------------------------------------
     0 | D:1      | Monsterracer the Deep Dwarf Fighter began the quest for the Orb.
     0 | D:1      | Reached XP level 1. HP: 20/20 MP: 1/1
    27 | D:1      | Reached XP level 2. HP: 20/27 MP: 2/2
   281 | D:2      | Reached XP level 3. HP: 17/34 MP: 3/3
   302 | D:3      | Reached skill level 3 in Axes
   453 | D:4      | Reached XP level 4. HP: 13/42 MP: 4/4
   483 | D:4      | Noticed an ogre
   494 | D:4      | Killed an ogre
   494 | D:4      | Reached skill level 4 in Axes
   494 | D:4      | Reached XP level 5. HP: 41/49 MP: 5/5
   662 | D:4      | Noticed an ogre
   669 | D:4      | Killed an ogre
   669 | D:4      | Reached XP level 6. HP: 33/57 MP: 6/6
   716 | D:4      | Reached skill level 5 in Axes
  1127 | D:5      | Entered Level 5 of the Dungeon
  1129 | D:5      | Noticed a sky beast
  1139 | D:5      | Killed a sky beast
  1139 | D:5      | Reached XP level 7. HP: 33/64 MP: 6/6
  1204 | D:5      | Reached skill level 5 in Armour
  1204 | D:5      | Reached skill level 5 in Shields
  1267 | D:5      | Found a staircase to the Ecumenical Temple.
  1316 | Temple   | Entered the Ecumenical Temple
  1524 | Temple   | Became a worshipper of Makhleb the Destroyer
  1571 | D:5      | Reached skill level 6 in Axes
  1583 | D:5      | Found a white marble altar of Elyvilon.
  1698 | D:5      | Found a basalt altar of Yredelemnul.
  1779 | D:5      | Found a sacrificial altar of Ru.
  1860 | D:5      | Noticed diana's ghost (novice MiGl)
  1922 | D:6      | Noticed Blork the orc
  1928 | D:6      | Noticed Pikel
  1934 | D:6      | Reached skill level 1 in Invocations
  1935 | D:6      | Killed Blork the orc
  1935 | D:6      | Reached skill level 1 in Dodging
  1935 | D:6      | Reached XP level 8. HP: 21/73 MP: 5/7
  1938 | D:6      | Killed Pikel
  1938 | D:6      | Reached skill level 7 in Axes
  1945 | D:6      | Noticed Eustachio
  1948 | D:6      | Reached * piety under Makhleb
  1948 | D:6      | Reached skill level 5 in Fighting
  1975 | D:6      | Killed Eustachio
  2184 | D:6      | Found a sparkling altar of Nemelex Xobeh.
  2306 | D:7      | Gained mutation: You passively map the area around you. [Deep Dwarf growth]
  2306 | D:7      | Reached XP level 9. HP: 44/81 MP: 8/8
  2366 | D:7      | Noticed Prince Ribbit
  2559 | D:7      | Reached skill level 8 in Axes
  2668 | D:7      | Noticed PeterLawrence's ghost (novice MiFi)
  2696 | D:7      | Killed PeterLawrence's ghost
  2858 | D:7      | Found a blossoming altar of Fedhas.
  3024 | D:7      | Killed Prince Ribbit
  3024 | D:7      | Reached skill level 9 in Axes
  3024 | D:7      | Reached skill level 5 in Invocations
  3177 | D:7      | Found a runed door.
  3181 | D:7      | Noticed Crazy Yiuf
  3193 | D:7      | Killed Crazy Yiuf
  3436 | D:8      | Noticed diana's ghost (novice DsGl)
  3457 | D:8      | Noticed a two-headed ogre
  3461 | D:8      | Killed diana's ghost
  3461 | D:8      | Reached XP level 10. HP: 57/91 MP: 5/7
  3475 | D:8      | Killed a two-headed ogre
  3743 | D:8      | Noticed a two-headed ogre
  3757 | D:8      | Mangled by a two-headed ogre

Skill      XL: |  1  2  3  4  5  6  7  8  9 |
---------------+----------------------------+-----
Fighting       | 3 4 5 6 |  6.1
Axes           | 3 4 5 6 7 9 |  9.6
Armour         | 4 5 6 7 |  7.5
Shields        | 4 5 6 7 |  7.5
Invocations    | 1 3 5 |  5.9
Dodging        | 1 3 4 |  4.9

Action                   |  1- 3 |  4- 6 |  7- 9 | 10-12 || total
-------------------------+-------+-------+-------+-------++-------
Melee: War axe           |   100 |    87 |   315 |    27 ||   529
 Abil: Heal Wounds       |     1 |     4 |    21 |     2 ||    28
  Use: Scroll            |       |     5 |     7 |     2 ||    14
       Potion            |       |       |     1 |       ||     1
  Eat: Chunk             |       |       |     9 |     1 ||    10
Armor: Scale mail        |    58 |    32 |   104 |     1 ||   195
Dodge: Dodged            |    55 |    30 |   173 |    16 ||   274
Block: Shield            |    58 |    56 |   252 |    16 ||   382

Vault maps used:
D:1:      dpeg_arrival_rooms_with_view, minmay_pentomino_v4
D:2:      first_ration, item_on_display_a
D:3:      uniq_grinder
D:4:      nrook_uturn, kennysheep_cross_room
D:5:      marbit_many_paths, kennysheep_little_box,
          minmay_temple_entry_poolview, basic_altar, elyvilon_altar_5,
          uniq_sigmund
D:6:      black_bear_nest_1, nicolae_overflow_crystal_walls, uniq_blork_the_orc,
          uniq_eustachio, uniq_pikel
D:7:      fedhas_bush_and_centaur_altar, kennysheep_generic_room_12,
          uniq_crazy_yiuf_cottage, uniq_prince_ribbit1
Temple:   hc_temple_tempest_star
